 Dungeon Crawl Stone Soup version 0.16-a0-2979-g562a0a4 (webtiles) character file.

51 Ratboiler the Cudgeler (level 3, 0/39 HPs)
             Began as an Ogre Wanderer on Dec 5, 2014.
             Splashed by a jelly's acid (14 damage)
             ... on level 3 of the Dungeon.
             The game lasted 00:03:31 (2718 turns).

Ratboiler the Cudgeler (Ogre Wanderer)              Turns: 2718, Time: 00:03:31

Health: 0/39       AC:  3    Str: 19    XL:     3   Next: 81%
Magic:  3/3        EV:  9    Int: 10    God:
Gold:   54         SH:  0    Dex:  9    Spells: 0 memorised, 2 levels left

rFire  . . .     SeeInvis .     a - +0 mace
rCold  . . .     Clarity  .     e - +0 robe
rNeg   . . .     SustAb   .     (shield restricted)
rPois  .         Gourm    .     (helmet restricted)
rElec  .         Spirit   .     (no cloak)
rCorr  .         Warding  .     (gloves unavailable)
rMut   .         Stasis   .     (boots unavailable)
MR     .....                    (no amulet)
Stlth  +.........               (no ring)
                                m - ring of wizardry

@: not resistant to hostile enchantments, very unstealthy
A: unfitting armour, tough skin 1
a: no special abilities


You were on level 3 of the Dungeon.
You were not hungry.

You visited 1 branch of the dungeon, and saw 3 of its levels.

You collected 54 gold pieces.

Inventory:

Hand weapons
 a - a +0 mace (weapon)
 d - a +2 dagger
Missiles
 i - 19 sling bullets
 j - 10 poisoned needles
 k - 6 sling bullets of flame
 n - 4 tomahawks (quivered)
Armour
 e - a +0 robe (worn)
Jewellery
 m - a ring of wizardry (left hand)
Magical devices
 f - a wand of frost (20)
Scrolls
 g - 3 scrolls of random uselessness {unknown}
 o - a scroll of recharging {unknown}
 q - 2 scrolls of enchant weapon {unknown}
 r - a scroll of remove curse {unknown}
 t - a scroll of amnesia {unknown}
Potions
 b - a potion of heal wounds
 c - a potion of lignification
 h - 4 potions of agility {unknown}
 l - a potion of restore abilities {unknown}
 p - 2 potions of invisibility {unknown}
 s - a potion of cancellation {unknown}
 u - a potion of might {unknown}


   Skills:
 - Level 4.0 Fighting
 + Level 4.7 Maces & Flails
   Level 1.0 Polearms
 - Level 2.1 Throwing
 - Level 1.5 Armour
 - Level 1.0 Stealth


You had 2 spell levels left.
You didn't know any spells.

Dungeon Overview and Level Annotations

Branches:
Dungeon (3/15)

Altars:


Innate Abilities, Weirdness & Mutations

You are too large for most types of armour.
You have tough skin (AC +1).


Message History

You swing at nothing.
The giant newt closely misses you.
You sock the giant newt!
You kill the giant newt!
You sock the jelly!
The jelly is heavily wounded.
You hear a slurping noise.
The jelly splits in two!
The jelly barely misses you.
You hit the jelly.
The jelly is lightly wounded.
The jelly hits you.
You are splashed with acid!
The acid burns!
You barely miss the jelly.
The jelly is lightly wounded.
The jelly hits you but does no damage. x2
You hit the jelly.
The jelly is moderately wounded.
The jelly hits you but does no damage.
You hit the jelly but do no damage.
The jelly is moderately wounded.
The jelly hits you.
You are splashed with acid!
The acid burns!
You die...

........#..#........
#####...##.#.........
....#......#.........
....#................
....#...........l.....
....#...###.J.####### ....#...#
##l.# ######
....#...####..###.....###
..............JJ@........
..........###.###.....###########
..........+..>....#####.........#
..........###.....# #.#######.#
..........# #.....# #.#.....#.#
..........###.....# #.#.###.#.#
..................# #.#.#.#.#.#
..........#####.### #)#.#<..#.#
###.......# #.# #.#.#####.#


You could see 2 jellies.

Vanquished Creatures
  2 adders (D:2)
  2 ball pythons
  6 bats
  4 hobgoblins
  A giant cockroach (D:1)
  A giant newt (D:3)
  3 goblins
  8 kobolds
  5 rats
32 creatures vanquished.

Notes
Turn   | Place    | Note
--------------------------------------------------------------
     0 | D:1      | Ratboiler, the Ogre Wanderer, began the quest for the Orb.
     0 | D:1      | Ratboiler set off with: a +2 dagger, a potion of heal wounds, a potion of lignification, a +0 mace, a +0 robe, a meat ration
     0 | D:1      | Reached XP level 1. HP: 24/24 MP: 1/1
   389 | D:1      | Reached XP level 2. HP: 30/32 MP: 2/2
  1987 | D:2      | Reached XP level 3. HP: 36/39 MP: 3/3
  2718 | D:3      | Splashed by a jelly's acid

Action                   || total
-------------------------++-------
Melee: Mace              ||   134
  Eat: Chunk             ||     3
       Meat ration       ||     1
